 Dungeon Crawl Stone Soup version 0.27-a0-1083-gcf8293e1eb (webtiles) character file.

Game seed: 11197594915132585390

1102 Gaff the Magician (level 8, 0/50 HPs)
             Began as a Djinni Venom Mage on Apr 26, 2021.
             Was a Believer of Okawaru.
             Slain by a wyvern skeleton (15 damage)
             ... on level 6 of the Dungeon.
             The game lasted 00:17:37 (6120 turns).

Gaff the Magician (Djinni Venom Mage)               Turns: 6120, Time: 00:17:38

Health: 0/50       AC:  3    Str:  7    XL:     8   Next: 32%
Gold:   343        EV: 12    Int: 20    God:    Okawaru [**....] SH:  0 Dex: 13

rFire    + + +     SeeInvis .   h - +2 dagger (flame)
rCold    . . .     Faith    .   (no shield)
rNeg     . . .     Spirit   .   a - +0 robe
rPois    ∞         Reflect  .   (no helmet)
rElec    .         Harm     .   j - scarf {rC+ rF+}
rCorr    .         Rampage  .   k - +0 pair of gloves
Will     .....                  (boots unavailable)
Stlth    ++........             n - amulet of regeneration
HPRegen  1.16/turn              (no ring)
MPRegen  0.00/turn              (no ring)

@: flying
A: fire resistance 2, cold vulnerability 1, float, innate caster, hp casting,
extra vitality 1
a: Renounce Religion, Heroism


You were on level 6 of the Dungeon.
You worshipped Okawaru.
Okawaru was pleased with you.
You visited 1 branch of the dungeon, and saw 6 of its levels.

You collected 343 gold pieces.

Inventory:

Hand Weapons
 f - a +0 dagger
 h - a +2 dagger of flaming (weapon)
 m - a +1 hand crossbow of freezing
 r - a +0 long sword
Armour
 a - a +0 robe (worn)
 e - a +0 leather armour
 j - a scarf of resistance (worn)
 k - a +0 pair of gloves (worn)
 p - a +0 scale mail
Jewellery
 n - an amulet of regeneration (around neck)
 o - a ring of positive energy
Scrolls
 c - 2 scrolls of enchant armour {unknown}
 d - 4 scrolls of enchant weapon
 i - 2 scrolls of noise
 q - 2 scrolls of immolation
 s - 2 scrolls of teleportation
 t - 2 scrolls of silence {unknown}
 v - a scroll of identify
Potions
 b - a potion of flight
 l - a potion of brilliance
 u - a potion of haste {unknown}


   Skills:
 + Level 2.8 Long Blades
 + Level 4.1 Armour
 - Level 2.2 Dodging
 - Level 1.5 Stealth
 * Level 6.1 Spellcasting
 + Level 3.7 Invocations


You couldn't memorise any spells.
You knew the following spells:

 Your Spells              Type           Power      Damage    Failure   Level
a - Sting                 Tmut/Pois      100%       1d8       1%          1
b - Poisonous Vapours     Pois/Air       60%        N/A       1%          2
c - Mephitic Cloud        Conj/Pois/Air  30%        N/A       2%          3
d - Ignite Poison         Fire/Tmut/Pois 30%        N/A       2%          3
e - Olgreb's Toxic Radia  Pois           30%        N/A       9%          4
f - Corona                Hex            33%        N/A       1%          1
g - Corpse Rot            Necr/Air       N/A        N/A       1%          2
h - Vampiric Draining     Necr           15%        2d8       2%          3
Your spell library was empty.

Dungeon Overview and Level Annotations

Branches:
Dungeon (6/15)             Temple (0/1) D:5

Altars:
Okawaru
Ru
Sif Muna
Trog
Yredelemnul

Shops:
D:6 *


Innate Abilities, Weirdness & Mutations

You are immune to poison.
Your flesh is very heat resistant. (rF++)
You are vulnerable to cold. (rC-)
You float through the air rather than walking.
You learn spells naturally, not from books.
Your magical power is your life essence.
You have superior vitality. (+4 HP)


Message History

Press: ? - help, Shift-Dir - straight line, p - wyvern skeleton The ball explodes into a vile cloud!
The stinking cloud engulfs something but does no damage.
The stinking cloud engulfs you but does no damage.
You hear an angry hiss.
You hear a shout! x3
Casting: Mephitic Cloud (dangerous; 2% risk of failure)
Confirm with . or Enter, or press ? or * to list all spells.
Aiming: Vampiric Draining (dangerous; 2% risk of failure)
Press: ? - help, Shift-Dir - straight line, f - you
Okay, then.
Casting: Vampiric Draining (dangerous; 2% risk of failure)
Confirm with . or Enter, or press ? or * to list all spells.
Aiming: Mephitic Cloud (dangerous; 2% risk of failure)
Press: ? - help, Shift-Dir - straight line, f - wyvern skeleton
Aim: a wyvern skeleton (not susceptible)
The ball explodes into a vile cloud!
The stinking cloud engulfs the wyvern skeleton but does no damage.
Something hits you but does no damage.
Casting: Mephitic Cloud (dangerous; 2% risk of failure)
Confirm with . or Enter, or press ? or * to list all spells.
Okay, then.
As you read the scroll of fear, it crumbles to dust.
You assume a fearsome visage.
The ice beast looks frightened!
The wyvern skeleton is unaffected.
The wyvern skeleton barely misses you. The wyvern skeleton bites you!
The wyvern skeleton bites you.
You hit something but do no damage. The wyvern skeleton bites you!
Casting: Mephitic Cloud (dangerous; 2% risk of failure)
Confirm with . or Enter, or press ? or * to list all spells.
Aiming: Corona (safe; 1% risk of failure)
Press: ? - help, Shift-Dir - straight line, p - wyvern skeleton The orc wizard is outlined in light.
The wyvern skeleton bites you!
* * * LOW HITPOINT WARNING * * *
Aiming: Poisonous Vapours (safe; 1% risk of failure)
Press: ? - help, Q - select action, (/) - cycle Dir - move target, f - orc wizard
Aim: an orc wizard, wielding a +0 dagger, wearing a +0 robe and wearing a +0 buckler (severely wounded, slightly transparent, confused, fleeing, softly glowing) Poisonous vapours surround the orc wizard!
* * * LOW HITPOINT WARNING * * *
The wyvern skeleton bites you!
You die...

..........#
........... ###
..........## ...
...........#
...#...........##
................#
...# #.......#
#......##


You could see an orc wizard (invisible, confused, fleeing, corona) and a wyvern
skeleton.

Vanquished Creatures
  Sigmund (D:3)
  A steam dragon (D:5)
  A sky beast (D:6)
  A centaur (D:5)
  An orc warrior (D:6)
  A scorpion (D:4)
  2 water moccasin skeletons (D:5)
  A centaur zombie (D:5)
  2 jellies
  3 hounds
  2 iguanas
  2 orc wizards (D:6)
  3 adders
  An adder skeleton (D:5)
  2 worms
  3 dart slugs
  8 orcs
  3 endoplasms
  5 giant cockroaches
  9 goblins
  6 hobgoblins
  8 jackals
  5 kobolds
  9 ball pythons
  6 bats
  3 frilled lizards (D:2)
  4 rats
93 creatures vanquished.

Vanquished Creatures (others)
  5 plants (D:2)
5 creatures vanquished.

Grand Total: 98 creatures vanquished

Notes
Turn   | Place    | Note
-------+----------+-------------------------------------------
     0 | D:1      | Gaff the Djinni Venom Mage began the quest for the Orb.
     0 | D:1      | Reached XP level 1. HP: 15/15 MP: 0/0
   113 | D:1      | Reached skill level 3 in Spellcasting
   121 | D:1      | Reached XP level 2. HP: 12/21 MP: 0/0
  1403 | D:2      | Reached XP level 3. HP: 24/25 MP: 0/0
  1403 | D:2      | Learned a level 1 spell: Corona
  1576 | D:2      | Reached skill level 1 in Armour
  2405 | D:2      | Found a faded altar of an unknown god.
  2410 | D:2      | Became a worshipper of Warmaster Okawaru
  2410 | D:2      | Reached * piety under Okawaru
  2890 | D:3      | Reached XP level 4. HP: 28/31 MP: 0/0
  2934 | D:3      | Noticed Sigmund
  2942 | D:3      | Killed Sigmund
  2943 | D:3      | Reached skill level 4 in Spellcasting
  2943 | D:3      | Reached skill level 1 in Invocations
  2943 | D:3      | Reached XP level 5. HP: 11/35 MP: 0/0
  2943 | D:3      | Learned a level 2 spell: Corpse Rot
  3312 | D:3      | Reached XP level 6. HP: 40/40 MP: 0/0
  3641 | D:3      | Found a bloodstained altar of Trog.
  4023 | D:4      | Identified a scroll of acquirement
  4028 | D:4      | Acquired a scarf of resistance
  4777 | D:4      | Found a basalt altar of Yredelemnul.
  4778 | D:4      | Found a sacrificial altar of Ru.
  4809 | D:4      | Reached skill level 1 in Long Blades
  4844 | D:4      | Noticed a black bear
  4846 | D:4      | Noticed a necrophage
  4953 | D:4      | Reached skill level 5 in Spellcasting
  5240 | D:5      | Entered Level 5 of the Dungeon
  5299 | D:5      | Reached XP level 7. HP: 37/45 MP: 0/0
  5299 | D:5      | Learned a level 3 spell: Vampiric Draining
  5595 | D:5      | Found a staircase to the Ecumenical Temple.
  5645 | D:5      | Reached ** piety under Okawaru
  5758 | D:5      | Noticed a steam dragon
  5781 | D:5      | Killed a steam dragon
  5933 | D:6      | Reached XP level 8. HP: 19/50 MP: 0/0
  6042 | D:6      | Found Seojue Yddak's General Store.
  6053 | D:6      | Reached skill level 6 in Spellcasting
  6120 | D:6      | Slain by a wyvern skeleton

Illustrated notes

Levels and vault maps discovered:
D:1:      ebering_hopf_link, layout_loops_ring
D:2:      layout_basic, serial_forest, infiniplex_forest_clump_C,
          infiniplex_forest_lined_1, infiniplex_forest_clump_tiny,
          infiniplex_forest_straight_3, infiniplex_forest_clump_medium,
          infiniplex_forest_clump_long, infiniplex_forest_clump_long,
          ebering_ecumenical_altar_hall, kennysheep_generic_room_13
D:3:      minmay_angry_zag, layout_basic, lemuel_tele_altar, uniq_sigmund
D:4:      layout_loops_corners, jmf_multi_god_temple,
          nicolae_overflow_crystal_walls, grunt_tough_drop
D:5:      layout_basic, minmay_temple_entry_tees
D:6:      layout_basic, kennysheep_little_box, serial_shops,
          kennysheep_mini_moat, shop, shop, kennysheep_mini, shop,
          roderic_roman_lattice, kennysheep_generic_room_15

Skill      XL: |  1  2  3  4  5  6  7  8 |
---------------+-------------------------+-----
Spellcasting   | 3 4 5 6 |  6.1
Armour         | 1 2 3 4 |  4.1
Invocations    | 1 2 3 |  3.7
Long Blades    | 1 2 |  2.8
Dodging        | |  2.2
Stealth        | |  1.5

Action                   |  1- 3 |  4- 6 |  7- 9 || total
-------------------------+-------+-------+-------++-------
Melee: Unarmed           |     4 |       |       ||     4
       Dagger            |    18 |    57 |    49 ||   124
 Cast: Sting             |     8 |     5 |     1 ||    14
       Poisonous Vapours |    45 |    41 |    26 ||   112
       Mephitic Cloud    |     1 |     2 |     3 ||     6
       Corona            |       |     1 |     5 ||     6
       Vampiric Draining |       |       |     8 ||     8
       Olgreb's Toxic Ra |       |       |     2 ||     2
Invok: Heroism           |       |     1 |       ||     1
  Use: Scroll            |       |     8 |     2 ||    10
 Stab: Sleeping          |       |     2 |       ||     2
Armor: Robe              |     4 |     6 |    15 ||    25
Dodge: Dodged            |    18 |    35 |    52 ||   105

Table legend: (Time is in decaauts)
 A = Elapsed time spent in this place.
 B = Non-inter-level travel time spent in this place.
 C = Inter-level travel time spent in this place.
 D = Time resting spent in this place.
 E = Time spent auto-exploring this place.
 F = Levels seen in this place.
 G = Mean time per level.
                   A        B        C        D        E       F      G
               +--------+--------+--------+--------+--------+-----+--------+
         Total |   6116 |   5988 |    128 |   1935 |   3118 |   6 | 1019.3 |
       Dungeon |   6116 |   5988 |    128 |   1935 |   3118 |   6 | 1019.3 |
               +--------+--------+--------+--------+--------+-----+--------+

Top non-repeatable levels by time:
     D:2: 1491 daAuts
     D:4: 1280 daAuts
     D:1: 1268 daAuts
     D:3: 1197 daAuts
     D:5: 744 daAuts
     D:6: 134 daAuts
